AoeStats
← 啊超

Pilgrims

507744027Analyzed
4v4 RM · 11d ago on Sep 19, 2026· 31m 22s· 8 players
Game mode
Random Map
Map size
Large (8 player)
Population
200
Speed
Normal
Resources
Standard
Victory
Conquest
Starting age
Dark Age
Ending age
Imperial Age
RankedLock teamsTeams togetherTeam positionsShared explorationLock speedFull tech treeHidden civsTurbo modeCheats
Victory
Defeat
🇨🇦 Franks · Canada
1198
+16
🇮🇳 Persians · India
1193
+17
🇵🇪 Burgundians · Peru
1184
+17
🇮🇹 Vikings · Italy
1172
+17
🇨🇳 Lithuanians · China
1254
-18
🇦🇷 Koreans · Argentina
1221
-17
🇨🇳 Italians · China
1179
-16
🇲🇽 Vikings · Mexico
1172
-16
Cognito I
9:12 Loom
11:27 Feudal Age
16:07 Castle Age
14:55 Stone Mining
19:40 Stone Shaft Mining
20:42 Wheelbarrow
21:33 Fletching
22:27 Bodkin Arrow
24:25 Scale Barding Armor
31:00 Double-Bit Axe
Coach_E
3:58 Loom
13:40 Feudal Age
14:02 Man-at-Arms
15:39 Arson
21:56 Castle Age
22:32 Town Watch
23:43 Scale Barding Armor
24:59 Forging
25:06 Husbandry
32:23 Iron Casting
RSpartan18
9:50 Double-Bit Axe
12:46 Feudal Age
12:59 Fishing Lines
14:01 Wheelbarrow
13:48 Bow Saw
15:02 Gillnets
19:50 Castle Age
19:06 Scale Mail Armor
21:40 Two-Man Saw
21:01 Chain Mail Armor
20:49 Squires
20:09 Man-at-Arms
21:08 Arson
21:49 Loom
21:39 Long Swordsman
23:35 Forging
23:17 Pikeman
25:29 Fletching
31:37 Hand Cart
TheScRider
5:39 Loom
10:52 Feudal Age
14:50 Castle Age
14:41 Fletching
17:25 Fishing Lines
17:47 Double-Bit Axe
21:39 Bow Saw
23:18 Town Watch
23:46 Horse Collar
27:06 Gillnets
30:18 Imperial Age
28:24 Bodkin Arrow
28:30 Padded Archer Armor
28:41 Elite Skirmisher
28:42 Crossbowman
30:27 Elite Berserk
32:43 Chemistry
VL Neyten
5:38 Loom
11:44 Feudal Age
13:36 Man-at-Arms
21:52 Horse Collar
23:14 Double-Bit Axe
24:25 Scale Mail Armor
啊超
12:50 Feudal Age
12:22 Loom
19:09 Castle Age
21:55 Fletching
hualiya44
4:22 Loom
13:00 Feudal Age
13:48 Town Watch
20:08 Castle Age
20:00 Fletching
25:03 Double-Bit Axe
25:01 Horse Collar
26:01 Bodkin Arrow
33:29 Imperial Age
LY
3:48 Loom
11:23 Feudal Age
12:06 Double-Bit Axe
12:27 Horse Collar
17:37 Bloodlines
22:37 Castle Age
20:33 Stone Mining
21:30 Scale Barding Armor
21:20 Gold Mining
23:14 Fletching
23:45 Bow Saw
24:15 Stone Shaft Mining
25:06 Town Watch
Connection lost

Rejoining the realm…

Still unreachable

The connection could not be restored.

Session expired

The server has moved on; the page needs a fresh start.